 Dungeon Crawl Stone Soup version 0.29-a0-398-ge13fd1374b (webtiles) character file.

Game seed: 10548154742585464386

18171 loir the Thaumaturge (level 12, 0/95 HPs)
             Began as a Djinni Fire Elementalist on May 11, 2022.
             Was an Elder of Makhleb.
             Slain by an unseen horror (4 damage)
             ... on level 10 of the Dungeon on May 12, 2022.
             The game lasted 01:23:57 (9926 turns).

loir the Thaumaturge (Djinni Fire Elementalist)     Turns: 9926, Time: 01:23:58

Health: 0/95       AC:  9    Str:  7    XL:     12   Next: 91%
Gold:   668        EV: 12    Int: 28    God:    Makhleb [****..] SH:  0 Dex: 16

rFire   + + .      SeeInvis .   (no weapon)
rCold   x . .      Faith    .   (no shield)
rNeg    . . .      Spirit   .   g - +2 robe {Archmagi}
rPois   ∞          Reflect  .   A - +2 hat
rElec   .          Harm     .   b - +2 cloak of Light {Int+3 Dex+3}
rCorr   .          Rampage  .   (no gloves)
Will    +....      Archmagi +   (boots unavailable)
Stlth   ++........ Rage     1%  p - amulet of regeneration
HPRegen 1.05/turn               (no ring)
MPRegen 0.00/turn               (no ring)

@: flying, studying Armour
A: sickness immunity, fire resistance 2, cold vulnerability 1, float, innate
caster, HP casting, extra vitality 1, berserk 1, clever 1
a: Renounce Religion, Minor Destruction, Lesser Servant of Makhleb, Major
Destruction


You were on level 10 of the Dungeon.
You worshipped Makhleb.
Makhleb was greatly pleased with you.
You visited 1 branch of the dungeon, and saw 10 of its levels.
You also visited: Ossuary.

You collected 668 gold pieces.

Inventory:

Hand Weapons
 h - a +2 dagger of draining
 i - a +2 scythe of freezing
 l - a +5 dagger
 u - a +1 great sword of holy wrath
 x - a +2 mace of protection
 P - the +3 dagger "Kybbos" {spect, *Corrode Str+5 Stlth+}
   (You took it off a centaur warrior on level 10 of the Dungeon)

   When its wielder attacks, the weapon's spirit leaps out and strikes again.
   The spirit shares a part of any damage it takes with its wielder.
   Str:       It affects your strength (+5).
   *Corrode:  It may corrode you when you take damage.
   Stlth:     It makes you more stealthy.
Missiles
 d - 263 stones
 D - 20 poisoned darts
 E - 5 curare-tipped darts
Armour
 a - a +0 robe
 b - the +2 cloak of Light (worn) {Int+3 Dex+3}
   (You acquired it on level 1 of the Dungeon)

   Int:       It affects your intelligence (+3).
   Dex:       It affects your dexterity (+3).
 f - +0 steam dragon scales
 g - a +2 robe of the Archmagi (worn)
 o - a +1 ring mail of cold resistance
 z - a +0 cloak of preservation
 A - a +2 hat (worn)
 M - the +1 plate armour of Qazlal's Pride {Will+ Int+3}
   (You took it off a wight on level 10 of the Dungeon)

   Int:       It affects your intelligence (+3).
   Will:      It increases your willpower.
Jewellery
 j - an amulet of reflection
 p - an amulet of regeneration (around neck)
 v - an amulet of regeneration
 C - a ring of resist corrosion
 N - a ring of see invisible
Wands
 e - a wand of digging (8)
 n - a wand of flame (51)
 q - a wand of acid (11)
 y - a wand of iceblast (14)
 F - a wand of mindburst (12)
Scrolls
 k - 5 scrolls of enchant armour
 B - a scroll of enchant weapon
 H - 2 scrolls of teleportation
 J - a scroll of magic mapping
 L - a scroll of acquirement
 O - 2 scrolls of identify
Potions
 c - a potion of ambrosia
 m - a potion of berserk rage
 r - 2 potions of haste
 s - 2 potions of brilliance
 t - 4 potions of curing {unknown}
 w - 2 potions of heal wounds {unknown}
 G - a potion of might
 I - a potion of cancellation {unknown}


   Skills:
 * Level 12.0 Fighting
 + Level 5.8 Armour
 - Level 2.1 Dodging
 - Level 1.5 Stealth
 * Level 12.5 Spellcasting


You had 9 spell levels left.
You knew the following spells:

 Your Spells              Type           Power      Damage    Failure   Level
a - Foxfire               Conj/Fire      100%       2x1d9     1%          1
b - Scorch                Fire           100%       2d10      1%          2
c - Conjure Flame         Conj/Fire      93%        6-21      1%          3
d - Inner Flame           Hex/Fire       93%        N/A       1%          3
e - Flame Wave            Conj/Fire      93%        2d16      1%          4
f - Magic Dart            Conj           100%       1d8       1%          1
g - Call Imp              Summ           93%        N/A       1%          2
h - Stone Arrow           Conj/Erth      100%       3d13      1%          3
i - Summon Lightning Spi  Summ/Air       93%        N/A       1%          4
j - Petrify               Tmut/Erth      93%        N/A       1%          4
Your spell library was empty.

Dungeon Overview and Level Annotations

Branches:
Dungeon (10/15)            Temple (0/1) D:7             Orc (0/2) D:9
Ossuary (visited)
   Lair: D:8-11

Altars:
Ashenzari
Elyvilon
Gozag
Hepliaklqana
Makhleb
Nemelex Xobeh
Qazlal
Sif Muna
Trog
Uskayaw
Vehumet
Wu Jian
Yredelemnul
Zin
Beogh

Shops:
D:4 *!   D:5 (   D:9 [

Annotations:
D:9 exclusion: ice statue


Innate Abilities, Weirdness & Mutations

You are immune to sickness and miasma.
You are immune to poison.
Your flesh is very heat resistant. (rF++)
You are vulnerable to cold. (rC-)
You float through the air rather than walking.
You learn spells naturally, not from books.
Your magical power is your life essence.
You have superior vitality. (+4 MHP)
You tend to lose your temper in combat.
Your mind is acute. (Int +2)


Message History

Something hits you but does no damage.
Found a +0 flail.
Something hits you. Something barely misses you.
Casting: Foxfire (safe; 1% risk of failure)
Press: ? - help, Q - select action, (/) - cycle Dir - look around, f - activate You feel a surge of power!
You conjure some foxfire!
Something hits you!
* * * LOW HITPOINT WARNING * * *
Casting: Foxfire (safe; 1% risk of failure)
Confirm with . or Enter, or press ? or * to list all spells.
You feel a surge of power!
Flames lash something.
* * * LOW HITPOINT WARNING * * *
The foxfire hits something!
Something barely misses you. Something hits you!
* * * LOW HITPOINT WARNING * * *
Really fly into that cloud of flame?
Uppercase [Y]es or [N]o only, please.
Really fly into that cloud of flame?
You are engulfed in blazing flames.
You resist.
* * * LOW HITPOINT WARNING * * *
Something hits you.
* * * LOW HITPOINT WARNING * * *
Things that are here:
a +0 halberd; a +0 plate armour You start resting.
Something hits you but does no damage.
Something hits you but does no damage. x2
Something hits you but does no damage. x2
Casting: Scorch (safe; 1% risk of failure)
Confirm with . or Enter, or press ? or * to list all spells.
You feel a surge of power!
An electric hum fills the air.
* * * LOW HITPOINT WARNING * * *
Something hits you.
* * * LOW HITPOINT WARNING * * *
Something hits you.
* * * LOW HITPOINT WARNING * * *
Something hits you but does no damage. Something hits you.
* * * LOW HITPOINT WARNING * * *
As you read the scroll of fog, it crumbles to dust.
The scroll dissolves into smoke.
Something hits you.
You die...

)#######..##.####.#.# #.#
.#
#[..'.....)....))########J#
.#
#[#.#..#...............##.#
.#
#####..#.#.###)#######.##y#
.# #....#.###)### #.##O##
## ##.###.#.....# #.#.#.##
#.# #.#§###.# #......## #.#
#.#§###.#####.#.#.#.#
..###..{@§§...........8..
######..###§#####.#####.###
.......8#8.8§8#..## .....#
# #######.#.8.8.#.. #.###.#
### #..8.8.8.... ... .. ..#
#.#.8.8.#.##.J# .# #.#
#.#8.8.8#(##.. ..# #.#
..###.#####.# .# #
#.####### #..# #... .. #


There were no monsters in sight!

Vanquished Creatures
  A centaur warrior (D:10)
  A two-headed ogre (D:10)
  Pikel (D:8)
  Maurice (D:8)
  A gargoyle (D:10)
  Psyche (D:8)
  2 trolls
  Grinder (D:5)
  Sigmund (D:2)
  A shadow (D:10)
  A wraith (D:8)
  A spriggan (D:10)
  A wyvern (D:9)
  18 yaks
  A vampire mosquito (D:10)
  Grum (D:8)
  4 water moccasins
  Duvessa (D:4)
  8 ice beasts
  4 orc warriors
  2 sky beasts (D:7)
  4 black bears
  2 wolves
  A lemure (D:8)
  3 centaurs
  A phantom (D:6)
  3 kobold brigands
  Blork the orc (D:4)
  3 necrophages
  5 bullfrogs
  A scorpion (D:4)
  A wight (D:10)
  Dowan (D:4)
  2 killer bees (D:8)
  4 electric eels (D:9)
  2 centaur zombies (Ossuary)
  5 howler monkeys
  9 hounds
  A jelly (D:3)
  Crazy Yiuf (D:5)
  7 orc priests
  Jessica (D:2)
  An iguana (D:6)
  Ijyb (D:4)
  6 orc wizards
  2 mummies (Ossuary)
  11 adders
  A shadow imp (D:8)
  2 white imps (D:6)
  4 dart slugs
  2 worms (D:2)
  The ghost of Bravepunisher the Ducker, a weakling SpMo (D:3)
  27 orcs
  11 endoplasms
  4 giant cockroaches
  6 goblins
  14 hobgoblins
  3 jackals (D:3)
  2 quokkas (D:1)
  5 ball pythons
  10 bats
  2 frilled lizards (D:1)
  2 goblin zombies (D:6)
  11 kobolds
  4 rats
243 creatures vanquished.

Vanquished Creatures (collateral kills)
  A boulder beetle (D:10)
  A centaur warrior (D:10)
  A two-headed ogre (D:10)
  A manticore (D:10)
  A deep elf pyromancer (D:10)
  A slime creature (D:10)
  A vampire (D:9)
  A wraith (D:10)
  9 yaks
  3 steam dragons
  2 orc warriors (D:9)
  A wolf (D:7)
  4 centaurs
  A kobold brigand (D:8)
  3 bullfrogs (D:9)
  10 killer bees
  4 howler monkeys
  A centaur zombie (Ossuary)
  4 orc priests
  An iguana (D:7)
  4 orc wizards
  3 mummies (Ossuary)
  A white imp (D:7)
  6 orcs
  2 kobolds
  2 hobgoblin zombies (Ossuary)
  15 foxfires
84 creatures vanquished.

Vanquished Creatures (others)
  736 foxfires
  4 fungi (D:1)
  5 plants
745 creatures vanquished.

Grand Total: 1072 creatures vanquished

Notes
Turn   | Place    | Note
-------+----------+-------------------------------------------
     0 | D:1      | loir the Djinni Fire Elementalist began the quest for the
                  | Orb.
     0 | D:1      | Reached XP level 1. HP: 15/15 MP: 0/0
   212 | D:1      | Reached XP level 2. HP: 19/22 MP: 0/0
   500 | D:1      | Reached skill level 1 in Fighting
   713 | D:1      | Reached XP level 3. HP: 24/27 MP: 0/0
   713 | D:1      | Learned a level 1 spell: Magic Dart
   791 | D:1      | Found a faded altar of an unknown god.
   844 | D:1      | Identified a scroll of acquirement
   844 | D:1      | Acquired the +2 cloak of Light {Int+3 Dex+3}
   853 | D:1      | Gained mutation: You are strong-willed. (Will+) [potion of
                  | mutation]
   853 | D:1      | Lost mutation: You are strong-willed. (Will+) [potion of
                  | mutation]
   853 | D:1      | Gained mutation: You tend to lose your temper in combat.
                  | [potion of mutation]
   853 | D:1      | Gained mutation: Your mind is acute. (Int +2) [potion of
                  | mutation]
  1530 | D:2      | Noticed a necrophage
  1538 | D:2      | Killed a necrophage
  1539 | D:2      | Reached XP level 4. HP: 10/33 MP: 0/0
  1539 | D:2      | Reached XP level 5. HP: 12/38 MP: 0/0
  1539 | D:2      | Learned a level 2 spell: Call Imp
  1925 | D:2      | Noticed Sigmund
  1929 | D:2      | Killed Sigmund
  1930 | D:2      | Reached XP level 6. HP: 38/46 MP: 0/0
  2055 | D:2      | Noticed Jessica
  2058 | D:2      | Killed Jessica
  3225 | D:3      | Reached XP level 7. HP: 48/50 MP: 0/0
  3225 | D:3      | Learned a level 3 spell: Stone Arrow
  3530 | D:3      | Found a runed translucent door.
  3530 | D:3      | Noticed Bravepunisher's ghost (weakling SpMo)
  3538 | D:3      | Killed Bravepunisher's ghost
  3745 | D:3      | Reached skill level 5 in Spellcasting
  3856 | D:4      | Noticed Ijyb
  3859 | D:4      | Noticed Duvessa
  3863 | D:4      | Killed Ijyb
  3868 | D:4      | Killed Duvessa
  3873 | D:4      | Noticed Dowan
  3880 | D:4      | Killed Dowan
  4119 | D:4      | Found Cotoicon's Assorted Antiques.
  4149 | D:4      | Found Voeqar's Distillery.
  4206 | D:4      | Noticed Blork the orc
  4212 | D:4      | Killed Blork the orc
  4213 | D:4      | Reached XP level 8. HP: 47/58 MP: 0/0
  4396 | D:4      | Found a bloodstained altar of Trog.
  4570 | D:4      | Reached skill level 5 in Fighting
  4811 | D:4      | Upgraded the game from 0.29-a0-397-g846e4a0bbc to
                  | 0.29-a0-398-ge13fd1374b
  4858 | D:5      | Entered Level 5 of the Dungeon
  4858 | D:5      | Found Xuby's Hydra Hut.
  4859 | D:5      | Noticed a four-headed hydra
  4865 | D:5      | Noticed Grinder
  4871 | D:5      | Killed Grinder
  5126 | D:5      | Reached XP level 9. HP: 64/66 MP: 0/0
  5126 | D:5      | Learned a level 4 spell: Summon Lightning Spire
  5382 | D:5      | Found a runed translucent door.
  5383 | D:5      | Noticed Crazy Yiuf
  5390 | D:5      | Killed Crazy Yiuf
  6061 | D:6      | Found a stormy altar of Qazlal.
  6141 | D:6      | Found a hide-covered altar of Uskayaw.
  6199 | D:6      | Found a sand-covered staircase.
  6206 | Ossuary  | Entered an ossuary
  6583 | D:7      | Reached XP level 10. HP: 71/75 MP: 0/0
  6647 | D:7      | Found an opulent altar of Gozag.
  6740 | D:7      | Found a burning altar of Makhleb.
  6745 | D:7      | Became a worshipper of Makhleb the Destroyer
  6875 | D:7      | Found a staircase to the Ecumenical Temple.
  6952 | D:7      | Found a hazy altar of Hepliaklqana.
  7500 | D:8      | Noticed Psyche
  7502 | D:8      | Noticed Grum
  7634 | D:8      | Killed Grum
  7636 | D:8      | Killed Psyche
  7638 | D:8      | Reached * piety under Makhleb
  7741 | D:8      | Noticed Maurice
  7753 | D:8      | Reached skill level 10 in Spellcasting
  7766 | D:8      | Killed Maurice
  7769 | D:8      | Noticed Pikel
  7781 | D:8      | Killed Pikel
  7782 | D:8      | Reached XP level 11. HP: 30/84 MP: 0/0
  7782 | D:8      | Learned a level 4 spell: Petrify
  7883 | D:8      | Found a basalt altar of Yredelemnul.
  8146 | D:9      | Found a broken altar of Ashenzari.
  8284 | D:9      | Reached ** piety under Makhleb
  8529 | D:9      | Found a staircase to the Orcish Mines.
  8583 | D:9      | Found Duurann's Antique Armour Emporium.
  8637 | D:9      | Reached skill level 10 in Fighting
  9129 | D:10     | Entered Level 10 of the Dungeon
  9132 | D:10     | Found an ornate altar of the Wu Jian Council.
  9132 | D:10     | Found a glowing silver altar of Zin.
  9141 | D:10     | Found a sparkling altar of Nemelex Xobeh.
  9168 | D:10     | Reached *** piety under Makhleb
  9229 | D:10     | Found a white marble altar of Elyvilon.
  9263 | D:10     | Reached XP level 12. HP: 86/92 MP: 0/0
  9308 | D:10     | Reached skill level 1 in Armour
  9421 | D:10     | Noticed a boulder beetle
  9434 | D:10     | Killed a boulder beetle
  9571 | D:10     | Identified the +1 plate armour of Qazlal's Pride {Will+
                  | Int+3}
  9576 | D:10     | Reached **** piety under Makhleb
  9604 | D:10     | Identified the +3 dagger "Kybbos" {spect, *Corrode Str+5
                  | Stlth+}
  9604 | D:10     | Noticed a centaur warrior
  9612 | D:10     | Killed a centaur warrior
  9696 | D:10     | Noticed a two-headed ogre
  9718 | D:10     | Noticed a two-headed ogre
  9810 | D:10     | Noticed a centaur warrior
  9819 | D:10     | Killed a centaur warrior
  9820 | D:10     | Reached skill level 5 in Armour
  9862 | D:10     | Killed a two-headed ogre
  9887 | D:10     | Killed a two-headed ogre
  9913 | D:10     | HP: 4/95 [something (5)]
  9925 | D:10     | HP: 3/95 [something (5)]
  9926 | D:10     | Slain by an unseen horror

Illustrated notes

Levels and vault maps discovered:
D:1:      minmay_arrival_checkered_box, layout_rooms,
          dreamdust_ecumenical_altar_grove, serial_forest,
          infiniplex_forest_clump_small, infiniplex_forest_lined_room_2,
          infiniplex_forest_clump_small, infiniplex_forest_lined_3,
          infiniplex_forest_straight_5, infiniplex_forest_lined_room_2,
          infiniplex_forest_fountain, infiniplex_forest_clump_small,
          infiniplex_forest_split, minmay_cut_off
D:2:      layout_loops_ring, nrook_uturn, st_stairs_1, uniq_sigmund,
          uniq_jessica
D:3:      layout_basic, ebering_ghost_inner_flame, grunt_decor_junction
D:4:      cheibrodos_helix_gallery, layout_basic, mainiacjoe_overflow_24_doors,
          serial_shops, nicolae_shop_hallway_stairs,
          nicolae_inconvenience_store, dk_rats_in_the_wall, uniq_duvessa,
          uniq_ijyb, uniq_blork_the_orc
D:5:      layout_basic, doesnt_shop_hydraphobe, uniq_grinder,
          uniq_crazy_yiuf_cottage
D:6:      layout_rooms, gammafunk_temple_overflow_forgotten,
          nicolae_uskayaw_suspiria, enter_ossuary_4
D:7:      layout_basic, marbit_many_paths, mainiacjoe_overflow_boulevard,
          nicolae_gozag_cash_rules_everything_around_me,
          minmay_temple_entry_slanted
D:8:      layout_rooms, mainiacjoe_overflow_small_starburst, uniq_grum,
          uniq_maurice, uniq_pikel, uniq_psyche
D:9:      minmay_twisted_water, layout_basic, nicolae_ashenzari_skybound,
          minmay_orc_entry_temple_small, serial_shops,
          nicolae_shop_hallway_stairs, minmay_joined_circles
D:10:     minmay_the_grid_square_5x5_3x3 [minmay_the_grid_square_5x5_meh,
          minmay_the_grid_square_5x5_n, minmay_the_grid_square_5x5_spiral_small,
          minmay_the_grid_square_5x5_intrusive_squares,
          minmay_the_grid_square_5x5_megaprize_open,
          minmay_the_grid_square_5x5_minimal,
          minmay_the_grid_square_5x5_checkered_statues,
          minmay_the_grid_square_5x5_inverted_slash,
          minmay_the_grid_square_5x5_three_small], layout_loops_ring,
          nicolae_overflow_quartered_altars, the_hattery

Skill      XL: |  1  2  3  4  5  6  7  8  9 10 11 12 |
---------------+-------------------------------------+-----
Fighting       | 1 2 3 4 5 7 9 10 12 | 12.0
Spellcasting   | 3 4 5 7 8 10 11 12 | 12.5
Armour         | 5 |  5.8
Dodging        | |  2.1
Stealth        | |  1.5

Action                   |  1- 3 |  4- 6 |  7- 9 | 10-12 || total
-------------------------+-------+-------+-------+-------++-------
Melee: Unarmed           |     4 |       |       |    15 ||    19
 Cast: Foxfire           |    58 |    59 |   160 |   173 ||   450
       Scorch            |     6 |     6 |    64 |   180 ||   256
       Stone Arrow       |       |       |     2 |     1 ||     3
       Inner Flame       |       |       |     1 |     5 ||     6
       Summon Lightning  |       |       |     7 |    41 ||    48
       Conjure Flame     |       |       |     1 |     4 ||     5
       Call Imp          |       |       |       |    14 ||    14
  Use: Scroll            |     3 |     4 |     8 |     7 ||    22
       Potion            |     3 |       |     1 |     3 ||     7
Armor: Robe              |     3 |       |    12 |    43 ||    58
       Skin              |       |       |       |    19 ||    19
Dodge: Dodged            |    10 |     2 |    22 |    88 ||   122
Block: Other             |       |       |     2 |       ||     2

Table legend: (Time is in decaauts)
 A = Elapsed time spent in this place.
 B = Non-inter-level travel time spent in this place.
 C = Inter-level travel time spent in this place.
 D = Time resting spent in this place.
 E = Time spent auto-exploring this place.
 F = Levels seen in this place.
 G = Mean time per level.
                   A        B        C        D        E       F      G
               +--------+--------+--------+--------+--------+-----+--------+
         Total |   9892 |   9548 |    344 |    767 |   6829 |  11 |  899.3 |
       Dungeon |   9791 |   9447 |    344 |    767 |   6829 |  10 |  979.1 |
       Ossuary |    100 |    100 |      0 |      0 |      0 |   1 |  100.0 |
               +--------+--------+--------+--------+--------+-----+--------+

Top non-repeatable levels by time:
     D:1: 1530 daAuts
     D:2: 1294 daAuts
     D:5: 1040 daAuts
     D:3: 1025 daAuts
     D:9: 1012 daAuts
     D:4: 1006 daAuts
     D:7: 973 daAuts
    D:10: 779 daAuts
     D:8: 651 daAuts
     D:6: 475 daAuts
 Ossuary: 100 daAuts
